 Dungeon Sprint DCSS version 0.23.1 (webtiles) character file.

Game seed: 0

131205 wilfster70 the Slayer (level 17, -2/181 HPs)
             Began as a Naga Monk on Mar 15, 2019.
             Was the Champion of Cheibriados.
             Slain by Kocrer the pandemonium lord (26 damage)
             ... in the Dungeon (Sprint V: "Ziggurat Sprint").
             The game lasted 01:08:09 (1944 turns).

wilfster70 the Slayer (Naga Monk)                   Turns: 1944, Time: 01:08:10

Health: -2/181     AC: 32    Str: 38    XL:     17   Next: 9%
Magic:  30/43      EV:  7    Int: 43    God:    Cheibriados [******]
Gold:   0          SH: 33    Dex: 29    Spells: 52/60 levels left

rFire    + + +     SeeInvis +   a - +9 lance "Wyrmbane" {slay drac, rPois rF+ rC+ AC+3}
rCold    + + .     Gourm    +   x - +18 shield of the Gong {rElec rN+ MR+ EV-5}
rNeg     + + +     Faith    .   h - +5 gold dragon scales
rPois    +         Spirit   .   O - +0 helmet {Int+3}
rElec    +         Reflect  .   B - +0 cloak {+Inv}
rCorr    .         Harm     .   J - +3 pair of gloves of the Trilobite {Str+4 Dex+4}
MR       ++++.     Rnd*Rage +   (no barding) Stlth ..........NoTele +
                                M - amulet of Xunedam {Gourm *Contam Str+2 Int+6}
HPRegen  0.00/turn              L - ring "Hucseh" {rPois rF+ Str+4}
MPRegen  0.28/turn              D - ring of Osaraoh {rN++ MR+ Int+4 Dex-5 Slay+5}

@: non-regenerating, diseased, studying Transmutations, silenced, very slow
A: large, see invisible, berserk 1, deformed body, dopey 1, frail 1, poison
resistance, slowness 2, slow metabolism 1, spit poison 1, subdued magic 1,
constrict 1, AC +5
a: Spit Poison, Renounce Religion, Evoke Invisibility


You were in the Dungeon.
You worshipped Cheibriados.
Cheibriados was exalted by your worship.
You were very full.

You visited 1 branch

Inventory:

Hand Weapons
 a - the +9 lance "Wyrmbane" (weapon) {slay drac, rPois rF+ rC+ AC+3}
   (You found it in the Dungeon)

   It affects your AC (+3).
   It protects you from fire.
   It protects you from cold.
   It protects you from poison.
Armour
 h - +5 gold dragon scales (worn)
 x - the +18 shield of the Gong (worn) {rElec rN+ MR+ EV-5}
   (You found it in the Dungeon)

   It affects your evasion (-5).
   It insulates you from electricity.
   It protects you from negative energy.
   It affects your resistance to hostile enchantments.
 B - a +0 cloak of invisibility (worn)
 J - the +3 pair of gloves of the Trilobite (worn) {Str+4 Dex+4}
   (You found it in the Dungeon)

   It affects your strength (+4).
   It affects your dexterity (+4).
 O - a +0 helmet of intelligence (worn)
Magical Staves
 b - an uncursed staff of energy
Jewellery
 f - an uncursed ring of protection from magic
 A - a +6 ring of intelligence
 C - a +6 ring of strength
 D - the ring of Osaraoh (right hand) {rN++ MR+ Int+4 Dex-5 Slay+5}
   (You took it off a merfolk javelineer in the Dungeon)

   [ring of slaying]

   It affects your intelligence (+4).
   It affects your dexterity (-5).
   It affects your accuracy and damage with ranged weapons and melee attacks
   (+5).
   It greatly protects you from negative energy.
   It affects your resistance to hostile enchantments.
 G - an uncursed ring of protection from magic
 I - the ring "Hezutydghi" {Fire Str+4}
   (You found it in the Dungeon)

   [ring of fire]

   It enhances your fire magic.
   It affects your strength (+4).
   It protects you from fire.
   It makes you vulnerable to cold.
 L - the ring "Hucseh" (left hand) {rPois rF+ Str+4}
   (You found it in the Dungeon)

   [ring of strength]

   It affects your strength (+4).
   It protects you from fire.
   It protects you from poison.
 M - the amulet of Xunedam (around neck) {Gourm *Contam Str+2 Int+6}
   (You found it in the Dungeon)

   [amulet of the gourmand]

   It allows you to eat raw meat even when not hungry.
   It affects your strength (+2).
   It affects your intelligence (+6).
   It causes magical contamination when unequipped.
Wands
 u - a wand of disintegration (7)
 v - a wand of iceblast (7)
 w - a wand of acid (7)
Scrolls
 i - 4 scrolls of blinking
 o - 4 scrolls of amnesia
 p - 8 scrolls of fog
 q - a scroll of holy word
 r - 5 scrolls of identify
 s - 5 scrolls of remove curse
 t - 2 scrolls of fear
 y - a scroll of acquirement
 H - a scroll of brand weapon
Potions
 d - 10 potions of curing
 e - 13 potions of heal wounds
 g - 4 potions of magic
 j - 2 potions of invisibility
 k - 4 potions of resistance
 m - 6 potions of agility
 n - 7 potions of might
 K - 2 potions of brilliance
Books
 z - a manual of Transmutations
Miscellaneous
 l - 2 sacks of spiders
 E - a lamp of fire
Comestibles
 c - 6 rations


   Skills:
 + Level 25.0 Fighting
 - Level 12.2 Polearms
 - Level 10.5 Armour
 - Level 8.2 Dodging
 - Level 3.0 Stealth
 - Level 9.1 Shields
 + Level 22.3 Spellcasting
 + Level 24.1 Fire Magic
 - Level 8.0 Invocations


You had 52 spell levels left.
You knew the following spells:

 Your Spells              Type           Power        Failure   Level  Hunger
a - Ignition              Fire           ########..   1%          8    None

Your spell library contained the following spells:

 Spells                   Type           Power        Failure   Level  Hunger
 Flame Tongue             Conj/Fire      #####        1%          1    None
 Throw Flame              Conj/Fire      ######       1%          2    None
 Conjure Flame            Conj/Fire      #######.     1%          3    None
 Ignite Poison            Fire/Tmut/Pois ######..     1%          3    None
 Inner Flame              Hex/Fire       #######.     1%          3    None
 Sticky Flame             Conj/Fire      #######.     1%          4    None
 Fireball                 Conj/Fire      #######...   1%          5    None
 Confusing Touch          Hex            #####.       4%          1    None
 Freeze                   Ice            ####         4%          1    None
 Magic Dart               Conj           ####         4%          1    None
 Pain                     Necr           ####         4%          1    None
 Sandblast                Erth           #####.       4%          1    None
 Shock                    Conj/Air       ####         4%          1    None
 Sting                    Conj/Pois      ####         4%          1    None
 Summon Butterflies       Summ           #####...     4%          1    None
 Corpse Rot               Necr           N/A          6%          2    None
 Passwall                 Tmut/Erth      #####...     6%          2    None
 Poisonous Vapours        Pois/Air       #####.       6%          2    None
 Searing Ray              Conj           #####.       6%          2    None
 Sublimation of Blood     Necr           #####.....   6%          2    None
 Swiftness                Chrm/Air       #####...     6%          2    None
 Throw Frost              Conj/Ice       #####.       6%          2    None
 Call Canine Familiar     Summ           #####...     13%         3    None
 Confuse                  Hex            #####...     13%         3    None
 Dazzling Spray           Conj/Hex       #####.       13%         3    None
 Gell's Gravitas          Tloc           #####.....   13%         3    None
 Mephitic Cloud           Conj/Pois/Air  #####...     13%         3    None
 Ozocubu's Armour         Chrm/Ice       #####...     13%         3    None
 Portal Projectile        Hex/Tloc       #####.       13%         3    None
 Recall                   Summ/Tloc      N/A          13%         3    None
 Spider Form              Tmut/Pois      #####.....   13%         3    None
 Static Discharge         Conj/Air       #####...     13%         3    None
 Stone Arrow              Conj/Erth      #####.       13%         3    None
 Ring of Flames           Chrm/Fire      #######...   26%         7    None
 Airstrike                Air            #####.....   41%         4    None
 Force Lance              Conj/Tloc      #####...     41%         4    None
 Fulminant Prism          Conj/Hex       #####.....   41%         4    None
 Iskenderun's Mystic Bla  Conj           #####...     41%         4    None
 Olgreb's Toxic Radiance  Pois           #####...     41%         4    None
 Passage of Golubria      Tloc           N/A          41%         4    None
 Petrify                  Tmut/Erth      #####...     41%         4    None
 Summon Ice Beast         Ice/Summ       #####...     41%         4    None
 Summon Lightning Spire   Summ/Air       #####...     41%         4    None
 Throw Icicle             Conj/Ice       #####...     41%         4    None
 Agony                    Necr           #####...     78%         5    None
 Alistair's Intoxication  Tmut/Pois      #####...     78%         5    None
 Bolt of Draining         Conj/Necr      #####.....   78%         5    None
 Borgnjor's Vile Clutch   Necr/Erth      #####.....   78%         5    None
 Dispel Undead            Necr           #####...     78%         5    None
 Excruciating Wounds      Chrm/Necr      #####.....   78%         5    None
 Irradiate                Conj/Tmut      #####.....   78%         5    None
 Lee's Rapid Deconstruct  Erth           #####.....   78%         5    None
 Lightning Bolt           Conj/Air       #####.....   78%         5    None
 Metabolic Englaciation   Hex/Ice        #####.....   78%         5    None
 Silence                  Hex/Air        #####.....   78%         5    None
 Summon Mana Viper        Hex/Summ       #####...     78%         5    None
 Venom Bolt               Conj/Pois      #####.....   78%         5    None
 Yara's Violent Unravell  Hex/Tmut       #####.....   78%         5    None
 Conjure Ball Lightning   Conj/Air       #####.....   100%        6    None
 Darkness                 Hex            #####.....   100%        6    None
 Deflect Missiles         Chrm/Air       #####.....   100%        6    None
 Dispersal                Tloc           #####.....   100%        6    None
 Freezing Cloud           Conj/Ice/Air   #####.....   100%        6    None
 Invisibility             Hex            #####...     100%        6    None
 Malign Gateway           Summ/Tloc      #####.....   100%        7    None
 Monstrous Menagerie      Summ           #####.....   100%        7    None
 Summon Greater Demon     Summ           #####.....   100%        7    None
 Summon Hydra             Summ           #####.....   100%        7    None
 Controlled Blink         Tloc           N/A          100%        8    None
 Disjunction              Tloc           #####.....   100%        8    None
 Summon Horrible Things   Summ           #####.....   100%        8    None
 Dragon's Call            Summ           #####.....   100%        9    ##.....
 Shatter                  Erth           #####.....   100%        9    ##.....
 Tornado                  Air            #####.....   100%        9    ##.....


Dungeon Overview and Level Annotations

Branches:
Dungeon (1/1)

Altars:
Ashenzari
Cheibriados
Dithmenos
Elyvilon
Fedhas
Gozag
Hepliaklqana
Kikubaaqudgha
Makhleb
Nemelex Xobeh
Okawaru
Qazlal
Ru
Sif Muna
Trog
Uskayaw
Vehumet
Wu Jian
Xom
Yredelemnul
Zin
The Shining One
Beogh
Jiyva
Lugonu


Innate Abilities, Weirdness & Mutations

You cannot wear boots.
Your serpentine skin is tough. (AC +5)
You have supernaturally acute eyesight. (SInv)
Armour fits poorly on your strangely shaped body.
Your system is resistant to poisons. (rPois)
You cover ground very slowly.
You have a slow metabolism.
You can spit poison.
You can use your snake-like lower body to constrict enemies.
You tend to lose your temper in combat.
You are dopey. (Int -2)
You are frail. (-10% HP)
Your spells are a little easier to cast, but a little less powerful.


Message History

Xamyirch's surroundings become eerily quiet.
Pydietsa comes into view. It is armed with a painful touch.
Okay, then.
There are no items here.
You feel much better.
Qut Nesa calls on the powers of darkness!
Your body is wracked with pain!
* * * LOW HITPOINT WARNING * * *
Something is bathed in an unholy light! x2
You block the eldritch tentacle's attack. x2
The Tzitzimitl calls on the powers of darkness!
Your body is wracked with pain!
* * * LOW HITPOINT WARNING * * *
The shining eye convulses!
Something is bathed in an unholy light!
A gelid warmonger comes into view.
It is wielding a +2 dire flail of crushing.
Ojosoamn hits you but does no damage. Osadder gestures at you.
The bolt of cold hits you but does no damage.
You block Naoxoc's attack. You block Osadder's attack. Kocrer hits you!!
You die...

....:|[|[)=....▓........
......6)§§.....▓..▓.....
..§...&G.§§§...▓.▓▓▓..(.
..§.§.2&G......▓..▓.....
.....&&4*...§..▓........
......&<&&&....▓......©.
........w......▓▓▓▓▓▓▓▓▓
▓.1&&&..▓ . ▓▓.&@..▓▓ .
...▓.......▓...
...............
.......©.......
▓▓▓▓▓▓▓▓▓▓▓▓▓▓▓


You could see Aniteoru, Hucula, Ilipran, Jarum, Kocrer, Naoxoc, Ojosoamn,
Osadder, Pydietsa, Qut Nesa, Ruklets, Xamyirch, an eldritch tentacle, a
Tzitzimitl, a gelid warmonger, a reaper, a shining eye, a rust devil and a
floating eye.

Vanquished Creatures
  16 pandemonium lords (D)
  An iron giant (D)
  An acid blob (D)
  2 Executioners (D)
  An azure jelly (D)
  2 orc warlords (D)
  An ironheart preserver (D)
  A ghoul (D)
  2 stone giants (D)
  2 reapers (D)
  A lorocyproca (D)
  2 death oozes (D)
  3 merfolk javelineers (D)
  4 great orbs of eyes (D)
  3 merfolk impalers (D)
  3 naga warriors (D)
  An ice dragon (D)
  A yaktaur captain (D)
  3 vault guards (D)
  A rakshasa (D)
  5 anacondas (D)
  2 merfolk aquamancers (D)
  2 dancing weapons (D)
  A thrashing horror (D)
  A skeletal warrior (D)
  2 soul eaters (D)
  A harpy (D)
  An orc knight (D)
  2 large abominations (D)
  An orb spider (shapeshifter) (D)
  3 orc sorcerers (D)
  A salamander (shapeshifter) (D)
  A wolf spider (D)
  5 shining eyes (D)
  A manticore (D)
  A rust devil (D)
  2 guardian serpents (D)
  2 black mambas (D)
  An eye of devastation (D)
  4 naga magi (D)
  A hellion (D)
  2 orange demons (D)
  A demonic crawler (D)
  A komodo dragon (shapeshifter) (D)
  A yaktaur (D)
  2 hellwings (D)
  An ice devil (D)
  2 red devils (D)
  A troll (D)
  2 merfolk (D)
  2 jumping spiders (D)
  14 slime creatures (D)
  7 starcursed masses (D)
  3 redbacks (D)
  3 spriggans (D)
  A ynoxinul (D)
  3 shadows (D)
  A chaos spawn (D)
  4 neqoxecs (D)
  4 nagas (D)
  2 wargs (D)
  A floating eye (D)
  3 water moccasins (D)
  2 hell hounds (D)
  11 orc warriors (D)
  An eye of draining (D)
  4 ice beasts (D)
  An ogre (D)
  2 wolves (D)
  A bullfrog (D)
  6 scorpions (D)
  A wight (D)
  8 jellies (D)
  2 orc priests (D)
  2 orc wizards (D)
  An iguana (D)
  3 iron imps (D)
  2 adders (D)
  A shadow imp (D)
  2 ufetubi (D)
  2 spectral adders (D)
  An adder zombie (D)
  4 adder skeletons (D)
  3 orcs (D)
  A spectral bat (D)
  4 ball pythons (D)
  3 bat skeletons (D)
  A bat zombie (D)
  2 jackals (D)
  A ball python skeleton (D)
  A ball python zombie (D)
  A bat simulacrum (D)
  2 giant cockroach zombies (D)
  A jackal skeleton (D)
  A leopard gecko zombie (D)
  2 spectral giant cockroaches (D)
232 creatures vanquished.

Vanquished Creatures (others)
  A spatial maelstrom (D)
1 creature vanquished.

Grand Total: 233 creatures vanquished

Notes
Turn   | Place    | Note
-------+----------+-------------------------------------------
     0 | D        | Found the +6 Majin-Bo {vamp, Archmagi MP+6 Int+6}
     0 | D        | Found the +7 great mace "Firestarter" {inner flame, rF++}
     0 | D        | wilfster70 the Naga Monk began the quest for the Orb.
     0 | D        | Reached XP level 1. HP: 21/21 MP: 1/1
     2 | D        | Banished a spatial maelstrom
     3 | D        | Found a blossoming altar of Fedhas.
     4 | D        | Found an opulent altar of Gozag.
     4 | D        | Found a hazy altar of Hepliaklqana.
     4 | D        | Found a viscous altar of Jiyva.
     4 | D        | Found a transporter.
     6 | D        | Became a worshipper of Cheibriados the Contemplative
     6 | D        | Reached * piety under Cheibriados
     6 | D        | Reached ** piety under Cheibriados
     8 | D        | Found an ancient bone altar of Kikubaaqudgha.
    12 | D        | Found a corrupted altar of Lugonu.
    37 | D        | Found a deep blue altar of Sif Muna.
    37 | D        | Found a sacrificial altar of Ru.
    37 | D        | Found a bloodstained altar of Trog.
    37 | D        | Found a stormy altar of Qazlal.
    37 | D        | Found an iron altar of Okawaru.
    37 | D        | Found a sparkling altar of Nemelex Xobeh.
    39 | D        | Found a burning altar of Makhleb.
    58 | D        | Found the +9 heavy crossbow "Sniper" {velocity, Acc+∞ SInv}
    58 | D        | Found the +10 dark maul {crush}
    58 | D        | Found the +15 Maxwell's patent armour {-Cast -Tele rElec
                  | MR+ rCorr}
    58 | D        | Found the +18 shield of the Gong {rElec rN+ MR+ EV-5}
    58 | D        | Found the cursed +14 obsidian axe {chop, +Fly SInv *Curse}
    73 | D        | Found the +6 shillelagh "Devastator" {shatter}
    73 | D        | Found the +11 plutonium sword {*Contam Stlth-}
    73 | D        | Found the +8 lance "Wyrmbane" {slay drac, rPois rF+ rC+
                  | AC+3}
    73 | D        | Found the +9 sword of Zonguldrok {reap}
    73 | D        | Found the cursed +13 scythe of Curses {drain, *Curse}
    73 | D        | Found the +0 sword of Power
    73 | D        | Found the +7 mace of Variability {chain chaos}
    73 | D        | Found the +7 Singing Sword {slice, sonic wave}
    73 | D        | Found the +7 longbow "Piercer" {penet, EV-2}
    80 | D        | Entered arena 2.
    80 | D        | Noticed a +3 glaive of protection
    80 | D        | Noticed a +2 hand axe of flaming
    80 | D        | Found a transporter.
    85 | D        | Killed a +2 hand axe of flaming
    85 | D        | Reached skill level 6 in Fighting
    85 | D        | Reached skill level 5 in Dodging
    85 | D        | Reached XP level 2. HP: 29/34 MP: 1/6
    85 | D        | Reached XP level 3. HP: 36/42 MP: 1/7
    85 | D        | Reached XP level 4. HP: 42/49 MP: 1/8
    85 | D        | Reached XP level 5. HP: 48/56 MP: 1/9
    85 | D        | Reached XP level 6. HP: 54/63 MP: 1/10
    85 | D        | Reached XP level 7. HP: 60/70 MP: 1/11
   106 | D        | Killed a +3 glaive of protection
   106 | D        | Reached skill level 7 in Fighting
   106 | D        | Reached skill level 10 in Polearms
   106 | D        | Reached skill level 5 in Armour
   106 | D        | Reached skill level 5 in Shields
   106 | D        | Reached XP level 8. HP: 33/80 MP: 2/13
   308 | D        | Entered arena 3.
   308 | D        | Found a transporter.
   310 | D        | Reached *** piety under Cheibriados
   314 | D        | Reached **** piety under Cheibriados
   325 | D        | Entered arena 4.
   325 | D        | Found a transporter.
   327 | D        | Reached ***** piety under Cheibriados
   336 | D        | Entered arena 5.
   336 | D        | Found a transporter.
   388 | D        | Entered arena 6.
   388 | D        | Noticed a spriggan
   388 | D        | Noticed a spriggan
   388 | D        | Noticed a spriggan
   388 | D        | Found a transporter.
   389 | D        | Found the +0 Maxwell's etheric cage {RegenMP+ *Contam rElec
                  | MP+4}
   390 | D        | Reached skill level 8 in Fighting
   390 | D        | Reached XP level 9. HP: 87/88 MP: 13/15
   390 | D        | Reached ****** piety under Cheibriados
   426 | D        | Entered arena 7.
   426 | D        | Noticed a wolf spider
   430 | D        | Killed a wolf spider
   430 | D        | Reached skill level 9 in Fighting
   431 | D        | Found a transporter.
   440 | D        | Entered arena 8.
   440 | D        | Noticed a jumping spider
   440 | D        | Noticed a jumping spider
   441 | D        | Killed a jumping spider
   441 | D        | Reached XP level 10. HP: 99/99 MP: 13/16
   442 | D        | Found a transporter.
   459 | D        | Learned a level 8 spell: Ignition
   463 | D        | Got the amulet "Qocuil" {Acrobat rElec}
   472 | D        | Entered arena 9.
   472 | D        | Noticed a yaktaur captain
   472 | D        | Noticed a vault guard
   472 | D        | Noticed an ironheart preserver
   472 | D        | Noticed a stone giant
   472 | D        | Noticed a vault guard
   472 | D        | Noticed a vault guard
   474 | D        | Reached skill level 1 in Spellcasting
   474 | D        | Reached skill level 1 in Fire Magic
   475 | D        | Killed a vault guard
   475 | D        | Reached skill level 10 in Fighting
   475 | D        | Killed a vault guard
   475 | D        | Killed a vault guard
   475 | D        | Killed a yaktaur captain
   475 | D        | Reached skill level 11 in Fighting
   475 | D        | Reached skill level 5 in Fire Magic
   475 | D        | Reached XP level 11. HP: 111/111 MP: 6/18
   476 | D        | Found a transporter.
   479 | D        | Killed a stone giant
   479 | D        | Reached skill level 5 in Spellcasting
   489 | D        | Killed an ironheart preserver
   498 | D        | Got the ring "Hezutydghi" {Fire Str+4}
   581 | D        | Entered arena 10.
   581 | D        | Noticed a salamander
   581 | D        | Noticed a shining eye
   581 | D        | Noticed a shining eye
   581 | D        | Noticed an orb spider
   582 | D        | Identified the +3 great sword of Terra Cotta {flame, Dex+4}
   583 | D        | Reached skill level 12 in Fighting
   583 | D        | Killed an orb spider
   583 | D        | Reached skill level 10 in Armour
   584 | D        | Killed a salamander
   584 | D        | Gained mutation: You are dopey. (Int -2) [a shining eye]
   584 | D        | Gained mutation: You tend to lose your temper in combat. [a
                  | shining eye]
   585 | D        | Killed a shining eye
   585 | D        | Killed a shining eye
   586 | D        | Found a transporter.
   699 | D        | Entered arena 11.
   700 | D        | Identified the +4 flail "Ogreslayer" {crush, MR+}
   701 | D        | Found a transporter.
   717 | D        | Got the +3 pair of gloves of the Trilobite {Str+4 Dex+4}
   734 | D        | Got the Papyrus of Calling
   737 | D        | Entered arena 12.
   737 | D        | Noticed a rakshasa
   737 | D        | Noticed a thrashing horror
   737 | D        | Noticed a starcursed mass
   737 | D        | Noticed a large abomination
   737 | D        | Noticed a starcursed mass
   738 | D        | Killed a thrashing horror
   739 | D        | Killed a large abomination
   739 | D        | Reached skill level 13 in Fighting
   740 | D        | Killed a rakshasa
   740 | D        | Reached XP level 12. HP: 119/126 MP: 12/25
   742 | D        | Reached skill level 10 in Fire Magic
   743 | D        | Found a transporter.
   748 | D        | Killed a starcursed mass
   748 | D        | Killed a starcursed mass
   748 | D        | Killed a starcursed mass
   749 | D        | Gained mutation: You can use your snake-like lower body to
                  | constrict enemies. [Naga growth]
   749 | D        | Reached XP level 13. HP: 115/134 MP: 18/26
   775 | D        | Entered arena 13.
   775 | D        | Noticed an iron giant
   778 | D        | Reached skill level 14 in Fighting
   779 | D        | Reached skill level 10 in Spellcasting
   779 | D        | Found a transporter.
   788 | D        | Killed an iron giant
   955 | D        | Entered arena 14.
   956 | D        | Noticed an ice dragon
   957 | D        | Noticed a reaper
   959 | D        | Reached skill level 15 in Fighting
   964 | D        | Killed an ice dragon
   965 | D        | Found a transporter.
   969 | D        | Killed a reaper
   978 | D        | Got the Papyrus of Dung
  1093 | D        | Entered arena 15.
  1094 | D        | Noticed a merfolk javelineer
  1094 | D        | Noticed a merfolk impaler
  1094 | D        | Noticed a merfolk impaler
  1094 | D        | Identified the +9 rapier of Upheaval {freeze, rC+ MR+ Int-2
                  | SInv}
  1094 | D        | Noticed a merfolk impaler
  1094 | D        | Identified the ring "Hucseh" {rPois rF+ Str+4}
  1094 | D        | Noticed a merfolk javelineer
  1094 | D        | Noticed a merfolk javelineer
  1094 | D        | Identified the ring of Osaraoh {rN++ MR+ Int+4 Dex-5
                  | Slay+5}
  1097 | D        | Killed a merfolk impaler
  1097 | D        | Killed a merfolk javelineer
  1097 | D        | Reached skill level 16 in Fighting
  1097 | D        | Killed a merfolk impaler
  1097 | D        | Killed a merfolk javelineer
  1097 | D        | Killed a merfolk javelineer
  1097 | D        | Reached XP level 14. HP: 145/151 MP: 18/31
  1099 | D        | Found a transporter.
  1144 | D        | Entered arena 16.
  1145 | D        | Noticed an Executioner
  1145 | D        | Noticed Qyich the pandemonium lord
  1145 | D        | Noticed a lorocyproca
  1145 | D        | Noticed Utypt the pandemonium lord
  1145 | D        | Noticed Gicavit the pandemonium lord
  1145 | D        | Noticed Qyheutz the pandemonium lord
  1146 | D        | Killed an Executioner
  1146 | D        | Reached skill level 15 in Fire Magic
  1147 | D        | Reached skill level 17 in Fighting
  1148 | D        | Killed a lorocyproca
  1149 | D        | Killed Qyich the pandemonium lord
  1150 | D        | Killed Qyheutz the pandemonium lord
  1150 | D        | Reached skill level 18 in Fighting
  1150 | D        | Reached skill level 15 in Spellcasting
  1152 | D        | Killed Utypt the pandemonium lord
  1152 | D        | Reached skill level 19 in Fighting
  1163 | D        | Killed Gicavit the pandemonium lord
  1164 | D        | Found a transporter.
  1175 | D        | Got the Reference Book on Poisonous Stolen Souls
  1234 | D        | Entered arena 17.
  1237 | D        | Noticed an acid blob
  1239 | D        | Gained mutation: You are frail. (-10% HP) [a shining eye]
  1240 | D        | Killed an acid blob
  1240 | D        | Reached XP level 15. HP: 149/149 MP: 24/35
  1246 | D        | Found a transporter.
  1246 | D        | Gained mutation: Your spells are a little easier to cast,
                  | but a little less powerful. [a shining eye]
  1371 | D        | Entered arena 18.
  1374 | D        | Noticed a ghoul
  1379 | D        | Reached skill level 20 in Fighting
  1383 | D        | Killed a ghoul
  1385 | D        | Found a transporter.
  1394 | D        | Got the amulet of Xunedam {Gourm *Contam Str+2 Int+6}
  1403 | D        | Got the Disquisition on the Flying Escort
  1509 | D        | Entered arena 19.
  1515 | D        | Noticed an orc warlord
  1515 | D        | Noticed an orc warlord
  1515 | D        | Identified the +7 spear of the Little People {pierce, +Rage
                  | rC++}
  1515 | D        | Identified the +6 mace "Giant's Undoing" {crush, +Inv rElec
                  | Str+2}
  1520 | D        | Killed an orc warlord
  1520 | D        | Killed an orc warlord
  1523 | D        | Found a transporter.
  1643 | D        | Got Sif Muna's Reference Book on the Aerial Mountains
  1669 | D        | Entered arena 20.
  1674 | D        | Noticed an azure jelly
  1677 | D        | Killed an azure jelly
  1677 | D        | Reached skill level 21 in Fighting
  1678 | D        | Paralysed by a floating eye for 2 turns
  1685 | D        | Found a transporter.
  1704 | D        | Got the Compendium of Attacks
  1751 | D        | Entered arena 21.
  1755 | D        | Identified the +4 great sword "Rummage" {slice, +Rage}
  1760 | D        | Identified the cursed +0 trident of the World {pierce, rC++
                  | Int+2}
  1765 | D        | Found the +27 Lear's hauberk
  1771 | D        | Found the +9 staff of Olgreb {rPois}
  1771 | D        | Found a transporter.
  1930 | D        | Entered arena 22.
  1934 | D        | Noticed Ijyux the pandemonium lord
  1934 | D        | Noticed Qenon the pandemonium lord
  1934 | D        | Noticed Sokk the pandemonium lord
  1934 | D        | Noticed Ojosoamn the pandemonium lord
  1934 | D        | Noticed Hucula the pandemonium lord
  1934 | D        | Noticed Sexus the pandemonium lord
  1934 | D        | Noticed Gucs the pandemonium lord
  1934 | D        | Noticed Archuq the pandemonium lord
  1934 | D        | Noticed Koinauny the pandemonium lord
  1934 | D        | Noticed Kocrer the pandemonium lord
  1934 | D        | Noticed Vumegash the pandemonium lord
  1934 | D        | Noticed Naoxoc the pandemonium lord
  1934 | D        | Noticed Fokkar the pandemonium lord
  1935 | D        | Noticed a cacodemon
  1935 | D        | Noticed Jarum the pandemonium lord
  1935 | D        | Noticed Udasat the pandemonium lord
  1935 | D        | Noticed Jacus the pandemonium lord
  1935 | D        | Noticed Mugut the pandemonium lord
  1935 | D        | Noticed Aniteoru the pandemonium lord
  1936 | D        | Killed Koinauny the pandemonium lord
  1936 | D        | Reached skill level 22 in Fighting
  1936 | D        | Reached XP level 16. HP: 150/165 MP: 22/39
  1936 | D        | Killed Fokkar the pandemonium lord
  1936 | D        | Killed Udasat the pandemonium lord
  1936 | D        | Noticed Xamyirch the pandemonium lord
  1937 | D        | Noticed Osadder the pandemonium lord
  1938 | D        | Noticed a Tzitzimitl
  1939 | D        | Noticed an Executioner
  1939 | D        | Noticed Qut Nesa the pandemonium lord
  1939 | D        | Killed Sexus the pandemonium lord
  1939 | D        | Reached skill level 23 in Fighting
  1939 | D        | Killed Mugut the pandemonium lord
  1939 | D        | Killed Archuq the pandemonium lord
  1939 | D        | Killed Sokk the pandemonium lord
  1939 | D        | Killed an Executioner
  1939 | D        | Reached skill level 24 in Fighting
  1939 | D        | Killed Gucs the pandemonium lord
  1940 | D        | Noticed a Brimstone Fiend
  1941 | D        | Killed Ijyux the pandemonium lord
  1941 | D        | Killed Qenon the pandemonium lord
  1941 | D        | Killed Jacus the pandemonium lord
  1941 | D        | Reached XP level 17. HP: 46/179 MP: 8/43
  1941 | D        | Killed Vumegash the pandemonium lord
  1941 | D        | Reached skill level 25 in Fighting
  1941 | D        | Noticed Ruklets the pandemonium lord
  1942 | D        | Noticed a Tzitzimitl
  1942 | D        | Noticed Ilipran the pandemonium lord
  1943 | D        | Noticed Pydietsa the pandemonium lord
  1944 | D        | Slain by Kocrer the pandemonium lord

Skill      XL: |  1  2  3  4  5  6  7  8  9 10 11 12 13 14 15 16 17 |
---------------+----------------------------------------------------+-----
Fighting       | 6 7 8 9 11 13 16 19 22 24 25 | 25.0
Polearms       | 9 10 12 | 12.2
Armour         | 4 5 6 7 9 10 | 10.5
Dodging        | 5 6 7 8 |  8.2
Shields        | 4 5 6 7 9 |  9.1
Invocations    | 6 7 8 |  8.0
Spellcasting   | 4 9 13 16 19 22 | 22.3
Fire Magic     | 5 9 11 14 18 21 23 24 | 24.1
Stealth        | |  3.0

Action                   |  1- 3 |  4- 6 |  7- 9 | 10-12 | 13-15 | 16-18 || total
-------------------------+-------+-------+-------+-------+-------+-------++-------
Melee: Lance             |     5 |       |    27 |    23 |    48 |       ||   103
       Constrict         |       |       |       |       |     7 |       ||     7
 Cast: Ignition          |       |       |       |       |     2 |     1 ||     3
Invok: Slouch            |       |       |     4 |    14 |    44 |     4 ||    66
  Use: Potion            |       |       |       |     2 |     1 |     2 ||     5
  Eat: Chunk             |       |       |       |       |    22 |       ||    22
       Ration            |       |       |       |       |     1 |       ||     1
Armor: Gold dragon scale |     2 |       |     2 |     1 |     5 |     6 ||    16
Dodge: Dodged            |       |       |       |       |     3 |     1 ||     4
Block: Shield            |     7 |       |    23 |    10 |    47 |    15 ||   102
